 Dungeon Crawl Stone Soup version 0.21-a0-225-g207ae17 (webtiles) character file.

132 snaildave the Insei (level 5, -5/26 HPs)
             Began as a Vine Stalker Transmuter on Aug 28, 2017.
             Killed by nerve-wracking pain
             ... invoked by an orc priest
              (12 damage)
             ... on level 3 of the Dungeon.
             The game lasted 00:20:32 (2561 turns).

snaildave the Insei (Vine Stalker Transmuter)       Turns: 2561, Time: 00:20:34

Health: -5/26      AC:  3    Str: 13    XL:     5   Next: 15%
Magic:  0/9        EV: 12    Int: 14    God:
Gold:   167        SH:  0    Dex: 14    Spells: 2/8 levels left

rFire    . . .     SeeInvis .     - Unarmed
rCold    . . .     Gourm    .   (no shield)
rNeg     . . .     Faith    .   b - +0 robe
rPois    .         Spirit   +   r - +1 hat
rElec    .         Reflect  .   (no cloak)
rCorr    .         Harm     .   (no gloves)
MR       .....                  (boots currently unavailable)
Stlth    +.........             (no amulet)
HPRegen  0.48/turn              (no ring)
MPRegen  0.11/turn              (no ring)

@: appendage
A: fangs 2, talons 3, regeneration 1, magic shield, antimagic bite, no potion
heal 3, rot immunity
a: End Transformation


You were on level 3 of the Dungeon.
You were hungry.
You had grown temporary talons.
You visited 1 branch of the dungeon, and saw 3 of its levels.

You collected 167 gold pieces.

Inventory:

Hand Weapons
 j - a +2 short sword of venom
 k - a +0 hunting sling
 m - a +0 hunting sling
Missiles
 a - 39 arrows
 n - 54 stones (quivered)
Armour
 b - a +0 robe (worn)
 r - a +1 hat (worn)
Jewellery
 i - an uncursed ring of stealth {unknown}
 s - an uncursed amulet of the gourmand {unknown}
 u - a cursed -4 ring of protection {unknown}
Wands
 h - a wand of lightning (7/15)
Scrolls
 e - a scroll of identify
 o - a scroll of enchant armour {unknown}
 t - a scroll of recharging {unknown}
Potions
 l - 2 potions of flight
 q - a potion of invisibility
Books
 c - a book of Changes

   Spells                             Type                      Level
   a - Beastly Appendage              Transmutation                1
   b - Sticks to Snakes               Transmutation                2
   c - Spider Form                    Transmutation/Poison         3
   d - Ice Form                       Ice/Transmutation            4
   e - Blade Hands                    Transmutation                5
Comestibles
 d - 2 bread rations
 f - 7 chunks of flesh
 g - a royal jelly
 p - 3 fruits
 v - 2 meat rations


   Skills:
 + Level 1.9 Fighting
 - Level 1.5 Dodging
 + Level 4.0 Unarmed Combat
 - Level 2.1 Spellcasting
 + Level 3.5 Transmutations
 + Level 1.3 Poison Magic


You had 2 spell levels left.
You knew the following spells:

 Your Spells              Type           Power        Failure   Level  Hunger
a - Beastly Appendage     Tmut           ##....       5%          1    #......
b - Sticks to Snakes      Tmut           ##......     9%          2    ###....
c - Spider Form           Tmut/Pois      #.........   26%         3    ###....


Dungeon Overview and Level Annotations

Branches:
Dungeon (3/15)

Altars:


Innate Abilities, Weirdness & Mutations

You have extremely sharp teeth.
Your natural rate of healing is unusually fast.
When hurt, damage is shared between your health and your magic reserves.
Your bite disrupts and absorbs the magic of your enemies.
Potions cannot restore your health.
You are immune to rotting.
You have claws for feet.


Message History

Your ball python constricts the orc priest.
The orc priest looks braver for a moment.
Your ball python bites the orc priest.
Your ball python constricts the orc priest.
The orc priest hits your ball python with a hand axe!
Your ball python dies!
A kobold comes into view. It is wielding a short sword.
Some of the chunks of flesh in your inventory have rotted away.
The orc priest calls down the wrath of Beogh upon you.
Pain shoots through your body!
* * * LOW HITPOINT WARNING * * *
Okay, then.
The orc priest looks satisfied for a moment.
The orc priest calls upon Beogh to heal the orc priest.
The orc priest is healed somewhat.
The kobold throws a stone.
The stone barely misses you.
The kobold throws a stone.
The stone misses you.
The orc priest mumbles some strange prayers to Beogh against you.
Pain shoots through your body!
You die...

.# #.........#..# #..### ##.
.# #..........#.## ##.## #.
.####.......#....######..#
##
..####.....####......o..## #
...###....## #........### #
.#...#....## #.....oo.K.# #
.###.#.....####.......##..#
.###......>..##.......###..#
..........##..#.@......#
#..#
........................#
#.#
..##.#..##.#.#..........# .#
..##.##.##..............# #
#.##.##....#............# )
..##.##...###............. <
...#.##.......(...........
..
........####..[...........
....#######..#..........


You could see 2 orc priests, an orc and a kobold.

Vanquished Creatures
  An adder (D:3)
  3 gnolls
  An ooze (D:2)
  2 dart slugs
  A leopard gecko (D:2)
  6 orcs (D:3)
  A ball python (D:2)
  A giant cockroach (D:3)
  5 goblins
  10 hobgoblins
  6 jackals
  6 bats
  3 frilled lizards
  8 kobolds
  9 rats
63 creatures vanquished.

Vanquished Creatures (collateral kills)
  A gnoll (D:2)
  An adder (D:2)
  2 worms (D:2)
  An orc (D:3)
  2 goblins (D:1)
  A hobgoblin (D:1)
  A jackal (D:2)
  2 kobolds (D:1)
11 creatures vanquished.

Grand Total: 74 creatures vanquished

Notes
Turn   | Place    | Note
-------+----------+-------------------------------------------
     0 | D:1      | snaildave the Vine Stalker Transmuter began the quest for the Orb.
     0 | D:1      | Reached XP level 1. HP: 9/9 MP: 4/4
    23 | D:1      | Reached skill level 1 in Fighting
   306 | D:1      | Reached XP level 2. HP: 12/14 MP: 6/6
   373 | D:1      | Learned a level 2 spell: Sticks to Snakes
   864 | D:1      | Reached XP level 3. HP: 13/18 MP: 0/7
  1075 | D:2      | Found a faded altar of an unknown god.
  1614 | D:2      | Gained mutation: Your natural rate of healing is unusually fast. [Vine Stalker growth]
  1614 | D:2      | Reached XP level 4. HP: 22/22 MP: 4/8
  1895 | D:2      | Learned a level 3 spell: Spider Form
  2265 | D:3      | Reached skill level 1 in Poison Magic
  2326 | D:3      | Reached XP level 5. HP: 23/26 MP: 3/9
  2419 | D:3      | Reached skill level 4 in Unarmed Combat
  2561 | D:3      | Killed from afar by an orc priest

Vault maps used:
D:1:      minmay_arrival_glassed_features
D:2:      chequers_ecumenical_altar_island
D:3:      minmay_item_behind_shaft, st_stairs_14

Skill      XL: |  1  2  3  4  5 |
---------------+----------------+-----
Fighting       | 1 |  1.9
Transmutations | 3 |  3.5
Poison Magic   | 1 |  1.3
Unarmed Combat | 4 |  4.0
Dodging        | |  1.5
Spellcasting   | |  2.1

Action                   |  1- 3 |  4- 6 || total
-------------------------+-------+-------++-------
Melee: Unarmed           |    51 |    63 ||   114
       Bite              |    11 |    19 ||    30
       Kick              |     1 |     4 ||     5
       Punch             |     1 |     1 ||     2
       Headbutt          |       |     2 ||     2
 Fire: Hunting sling     |    66 |     8 ||    74
Throw: Stone             |       |     9 ||     9
 Cast: Beastly Appendage |    12 |     6 ||    18
       Sticks to Snakes  |    11 |    14 ||    25
       Spider Form       |       |     1 ||     1
  Use: Scroll            |       |     8 ||     8
 Stab: Sleeping          |     3 |       ||     3
  Eat: Chunk             |     3 |     4 ||     7
Armor: Robe              |    12 |     6 ||    18
       Skin              |       |     1 ||     1
Dodge: Dodged            |    55 |    38 ||    93

Table legend:
 A = Spawn XP
 B = Non-spawn XP
 C = Spawn XP percentage of total XP
 D = Spawn monster count
 E = Non-spawn monster count
 F = Spawn count percentage of total count
 G = Total turns spent on level
                    A         B        C        D         E        F      G
               +---------+---------+-------+---------+---------+-------+---------
         Total |      15 |     174 |   7.9 |       8 |      66 |  10.8 |  2561
               +---------+---------+-------+---------+---------+-------+---------
           D:1 |      10 |      46 |  17.9 |       5 |      24 |  17.2 |  1233
           D:2 |       5 |      77 |   6.1 |       3 |      23 |  11.5 |   901
           D:3 |       0 |      51 |   0.0 |       0 |      19 |   0.0 |   427
               +---------+---------+-------+---------+---------+-------+---------
